AoeStats
← yuyupinga

Arabia

505782298Analyzed
1v1 RM · 21d ago on Sep 11, 2026· 21m 19s· 2 players
Game mode
Random Map
Map size
Tiny (2 player)
Population
200
Speed
Normal
Resources
Standard
Victory
Conquest
Starting age
Dark Age
Ending age
Imperial Age
RankedLock teamsTeams togetherTeam positionsShared explorationLock speedFull tech treeHidden civsTurbo modeCheats
Victory
Defeat
🇨🇱 Mapuche · Chile
658
+14
🇲🇽 Persians · Mexico
624
-14
yuyupinga
3:23 Loom
11:00 Feudal Age
12:55 Wheelbarrow
12:52 Bloodlines
14:56 Double-Bit Axe
mario.aravenan
12:30 Feudal Age
17:44 Champi Runner
19:11 Scale Mail Armor
19:38 Arson
21:31 Forging
Connection lost

Rejoining the realm…

Still unreachable

The connection could not be restored.

Session expired

The server has moved on; the page needs a fresh start.